 Dungeon Crawl Stone Soup version 0.30-a0-782-ge64f9170bb (console) character file.

Game seed: 8252154274721445994

11 rlgrobin the Sneak (level 2, 0/18 HPs)
             Began as a Deep Elf Delver on Feb 19, 2023.
             Slain by a mummy (18 damage)
             ... in an ossuary.
             The game lasted 00:00:46 (123 turns).

rlgrobin the Sneak (Deep Elf Delver)                 Turns: 123, Time: 00:00:46

Health: 0/18       AC:  3    Str:  9    XL:     2   Next: 13%
Magic:  4/4        EV: 12    Int: 14    God:
Gold:   0          SH:  0    Dex: 16    Spells: 1/1 levels left

rFire   . . .      SeeInvis .    a - +0 short sword
rCold   . . .      Faith    .    (no shield)
rNeg    . . .      Spirit   .    b - +0 leather armour
rPois   .          Reflect  .    (no helmet)
rElec   .          Harm     .    (no cloak)
rCorr   .          Rampage  .    (no gloves)
Will    .....                    (no boots)
Stlth   +++                      (no amulet)
HPRegen 0.23/turn                (no ring)
MPRegen 0.09/turn                (no ring)

@: no status effects
A: no striking features
a: no special abilities


You were in an ossuary.
You visited 1 branch of the dungeon, and saw 1 of its levels.
You also visited: Ossuary.

Inventory:

Hand Weapons
 a - a +0 short sword (weapon)
Armour
 b - a +0 leather armour (worn)
Wands
 g - a wand of digging (3)
Scrolls
 c - a scroll of fog
 d - a scroll of magic mapping
 e - a scroll of fear
Potions
 f - a potion of haste


   Skills:
 - Level 2.4 Fighting
 - Level 2.0 Short Blades
 - Level 2.4 Dodging
 + Level 6.6 Stealth


You had one spell level left.
You didn't know any spells.
Your spell library was empty.

Dungeon Overview and Level Annotations

Branches:
Dungeon (5/15)            Ossuary (1/1)
 Temple: D:4-7

Altars:


Message History

You hit the hobgoblin zombie.
The hobgoblin zombie is severely damaged.
The hobgoblin zombie closely misses you.
You hit the hobgoblin zombie.
You destroy the hobgoblin zombie!
No target in view!
A mummy comes into view.
A hobgoblin zombie comes into view.
You hit the hobgoblin zombie.
The hobgoblin zombie is lightly damaged.
The hobgoblin zombie hits you.
You hit the hobgoblin zombie.
The hobgoblin zombie is heavily damaged.
The hobgoblin zombie hits you.
You completely miss the hobgoblin zombie.
The hobgoblin zombie is heavily damaged.
The hobgoblin zombie hits you.
You barely miss the hobgoblin zombie.
The hobgoblin zombie is heavily damaged.
You hit the hobgoblin zombie.
The hobgoblin zombie is heavily damaged.
The hobgoblin zombie hits you but does no damage.
You hit the hobgoblin zombie but do no damage.
The hobgoblin zombie is heavily damaged.
The hobgoblin zombie hits you but does no damage.
You hit the hobgoblin zombie.
The hobgoblin zombie is almost destroyed.
You completely miss the hobgoblin zombie.
The hobgoblin zombie is almost destroyed.
The hobgoblin zombie misses you.
You hit the hobgoblin zombie.
You destroy the hobgoblin zombie!
You start resting.
HP restored. 2 hobgoblin zombies and 2 goblin zombies come into view.
A hobgoblin zombie comes into view.
An orc zombie comes into view.
You completely miss the mummy. The mummy hits you!!
Ouch! That really hurt!
You die...

####### #
#Z#.#M#Z#Z#Z #####
#...@....... ##...##
#...........
##.....###...........
#....................
#..∩.∩...............
#....................
##.....###...........
##...## #...........
##### #..........


You could see a mummy, a goblin zombie (dormant), 2 hobgoblin zombies and an orc
zombie.

Vanquished Creatures
  An adder (D:5)
  A goblin zombie (Ossuary)
  2 hobgoblin zombies (Ossuary)
4 creatures vanquished.

Notes
Turn   | Place    | Note
-------+----------+-------------------------------------------
     0 | D:5      | rlgrobin the Deep Elf Delver began the quest for the Orb.
     0 | D:5      | Reached XP level 1. HP: 13/13 MP: 3/3
     7 | D:5      | Noticed an iguana
    24 | D:5      | Reached XP level 2. HP: 18/18 MP: 4/4
    51 | D:5      | Found a sand-covered staircase.
    62 | Ossuary  | Entered an ossuary
   123 | Ossuary  | Slain by a mummy

Illustrated notes

Levels and vault maps discovered:
D:5:      layout_loops_ring, lightli_ossuary_entry_decrepit_ruins,
          kennysheep_generic_room_11, uniq_duvessa
Ossuary:  minmay_ossuary_gauntlet

Action                     || total
---------------------------++-------
  Melee: Short sword       ||    20
   Stab: Sleeping          ||     1
 Armour: Leather armour    ||     4
  Dodge: Dodged            ||     3

Table legend: (Time is in decaauts)
 A = Elapsed time spent in this place.
 B = Non-inter-level travel time spent in this place.
 C = Inter-level travel time spent in this place.
 D = Time resting spent in this place.
 E = Time spent auto-exploring this place.
 F = Levels seen in this place.
 G = Mean time per level.
                   A        B        C        D        E       F      G
               +--------+--------+--------+--------+--------+-----+--------+
         Total |    120 |    120 |      0 |      7 |      0 |   2 |   60.0 |
       Dungeon |     61 |     61 |      0 |      0 |      0 |   1 |   61.0 |
       Ossuary |     58 |     58 |      0 |      7 |      0 |   1 |   58.0 |
               +--------+--------+--------+--------+--------+-----+--------+

Top non-repeatable levels by time:
     D:5: 61 daAuts
 Ossuary: 58 daAuts
